Map: Мосты РВ (LotV)

Players

IllIIllIII

  • Race: Protoss Protoss
  • League: Gold

NextRim - Winner!

  • Race: Protoss Protoss
  • League: Silver

VOD

Have the link to the VOD?

Description

Time

  • Played on: Oct. 26, 2015, 11:55 a.m.
  • Length: 14:26
Show
View Real Time Build Order
Export as new Build Order

IllIIllIII Protoss 

Build Orders:  

Get SALT Encoding   

  12  0:01  Probe (Chrono Boost)  
  13  0:12  Probe (Chrono Boost)  
  14  0:20  Pylon  
  14  0:24  Probe (Chrono Boost)  
  15  0:38  Probe (Chrono Boost)  
  15  0:39  Gateway  
  16  0:49  Probe (Chrono Boost)  
  17  0:53  Assimilator  
  17  0:59  Probe (Chrono Boost)  
  17  1:03  Assimilator  
  18  1:10  Probe (Chrono Boost)  
  19  1:20  Probe (Chrono Boost)  
  20  1:27  Cybernetics Core  
  20  1:31  Probe (Chrono Boost)  
  21  1:41  Probe (Chrono Boost)  
  21  1:43  Gateway  
  22  1:48  Pylon  
  22  1:52  Probe (Chrono Boost)  
  23  2:07  Mothership Core (Chrono Boost), Adept, Warp Gate  
  27  2:23  Pylon  
  27  2:30  Adept  
  27  2:34  Adept  
  31  2:59  Adept  
  31  3:02  Nexus  
  31  3:03  Adept  
  35  3:17  Robotics Facility  
  35  3:26  Probe (Chrono Boost)  
  34  3:47  Stalker, Probe (Chrono Boost)  
  37  3:57  Probe (Chrono Boost)  
  38  4:05  Observer  
  39  4:13  Probe (Chrono Boost)  
  36  4:32  Probe x2 (Chrono Boost)  
  36  4:33  Immortal (Chrono Boost)  
  42  4:38  Gateway  
  42  4:42  Gateway  
  42  4:43  Probe (Chrono Boost)  
  39  4:53  Probe x2 (Chrono Boost)  
  41  5:02  Probe  
  41  5:04  Forge  
  41  5:05  Probe  
  43  5:11  Pylon  
  43  5:14  Probe (Chrono Boost)  
  43  5:15  Pylon  
  43  5:16  Sentry x2  
  43  5:21  Probe (Chrono Boost)  
  49  5:31  Immortal  
  49  5:33  Probe (Chrono Boost)  
  49  5:35  Probe (Chrono Boost)  
  55  5:44  Probe (Chrono Boost)  
  55  5:45  Probe (Chrono Boost)  
  55  5:46  Protoss Ground Weapons Level 1  
  55  5:49  Assimilator  
  57  5:51  Assimilator  
  57  5:54  Probe (Chrono Boost)  
  57  5:56  Probe (Chrono Boost)  
  59  6:03  Pylon  
  59  6:04  Pylon  
  59  6:16  Stalker x3  
  65  6:19  Probe (Chrono Boost)  
  65  6:20  Probe (Chrono Boost)  
  67  6:30  Probe (Chrono Boost)  
  68  6:33  Immortal  
  68  6:35  Twilight Council  
  68  6:37  Probe (Chrono Boost)  
  73  6:40  Probe (Chrono Boost)  
  72  6:56  Zealot x4  
  81  7:15  Probe (Chrono Boost)  
  81  7:16  Probe (Chrono Boost), Warp Prism  
  84  7:26  Probe x2 (Chrono Boost), Protoss Ground Weapons Level 2 (Chrono Boost)  
  84  7:29  Templar Archives  
  86  7:35  Pylon  
  86  7:43  Pylon  
  86  7:46  Charge (Chrono Boost)  
  86  7:53  Probe x2  
  86  7:54  Pylon  
  88  8:03  Pylon  
  88  8:05  Probe  
  88  8:07  Immortal  
  88  8:09  Probe  
  94  8:18  Probe, Nexus  
  95  8:28  High Templar x4  
  103  8:34  Archon x2  
  103  8:41  Gateway  
  103  8:45  Gateway  
  103  8:47  Pylon  
  103  8:49  Pylon  
  103  8:53  Gateway  
  103  9:01  Pylon  
  103  9:06  Pylon  
  103  9:07  Pylon  
  103  9:09  Pylon  
  103  9:10  Adept  
  103  9:12  Adept x2  
  109  9:22  Zealot  
  84  9:37  High Templar x3  
  78  9:43  Archon  
  57  10:11  Probe  
  57  10:13  Probe  
  59  10:22  Probe  
  59  10:25  Probe  
  59  10:27  Nexus  
  61  10:38  High Templar x4  
  61  10:41  Zealot  
  71  10:50  Archon x2  
  71  10:53  Zealot x2  
  75  11:00  Pylon  
  75  11:27  Probe x2 (Chrono Boost)  
  75  11:29  Pylon  
  77  11:34  Assimilator  
  77  11:37  Assimilator  
  77  11:38  Probe x2 (Chrono Boost)  
  79  11:43  High Templar x2  
  79  11:44  Zealot x2  
  87  11:47  Archon  
  87  11:48  Probe (Chrono Boost)  
  87  11:52  Photon Cannon  
  88  11:59  Photon Cannon  
  88  12:05  Pylon  
  88  12:10  Probe (Chrono Boost)  
  88  12:11  Probe (Chrono Boost)  
  90  12:17  Probe (Chrono Boost)  
  90  12:19  Probe (Chrono Boost)  
  90  12:21  Probe  
  93  12:27  Probe  
  94  12:30  Probe, Zealot x3  
  94  12:31  Zealot  
  94  12:35  High Templar  
  94  12:36  High Templar  
  107  12:40  Archon  
  107  12:43  High Templar  
  109  12:44  Probe  
  109  12:45  Probe  
  109  12:46  Probe  
  109  12:49  Assimilator  
  112  12:55  Probe x2  
  112  12:58  Probe  
  115  13:00  High Templar  
  115  13:01  Zealot x2  
  115  13:05  High Templar  
  123  13:06  Archon  
  123  13:08  High Templar  
  123  13:10  Zealot  
  127  13:13  Archon  
  119  13:29  Zealot x2  
  119  13:30  Zealot x2  
  130  13:47  Zealot x3  
  134  13:53  Zealot x4  
  94  14:10  Zealot x3  
  79  14:21  Zealot x2  
  79  14:22  Zealot  
Show
View Real Time Build Order
Export as new Build Order

NextRim Protoss - Winner!

Build Orders: Zealot Archon 

Get SALT Encoding   

  12  0:06  Probe (Chrono Boost)  
  13  0:16  Pylon  
  13  0:18  Probe (Chrono Boost)  
  15  0:28  Probe (Chrono Boost)  
  15  0:38  Gateway  
  15  0:39  Probe (Chrono Boost)  
  16  0:49  Probe (Chrono Boost)  
  17  0:51  Assimilator  
  17  0:54  Assimilator  
  17  1:00  Probe (Chrono Boost)  
  18  1:10  Gateway, Probe (Chrono Boost)  
  19  1:21  Probe (Chrono Boost)  
  20  1:25  Cybernetics Core  
  20  1:31  Probe (Chrono Boost)  
  21  1:36  Pylon  
  21  1:42  Probe (Chrono Boost)  
  22  1:53  Probe (Chrono Boost)  
  23  2:03  Adept x2  
  23  2:06  Warp Gate (Chrono Boost)  
  27  2:11  Mothership Core  
  29  2:32  Nexus  
  29  2:37  Probe  
  30  2:49  Probe  
  31  2:53  Pylon  
  31  2:58  Pylon  
  31  3:05  Pylon  
  31  3:11  Probe  
  32  3:23  Probe  
  31  3:29  Stalker x2  
  33  3:48  Probe  
  33  3:50  Probe, Forge  
  33  3:53  Robotics Facility  
  35  3:59  Probe  
  35  4:02  Probe  
  37  4:03  Adept x2  
  38  4:29  Probe  
  38  4:31  Probe  
  37  4:37  Protoss Ground Weapons Level 1  
  36  4:40  Probe  
  36  4:42  Immortal  
  36  4:43  Probe  
  39  4:50  Probe  
  40  4:55  Stalker x2, Probe  
  45  5:01  Probe  
  45  5:03  Pylon  
  46  5:07  Probe  
  46  5:12  Probe (Chrono Boost)  
  48  5:19  Probe (Chrono Boost)  
  48  5:21  Warp Prism  
  51  5:24  Probe (Chrono Boost)  
  51  5:25  Assimilator  
  51  5:28  Assimilator  
  52  5:30  Probe (Chrono Boost)  
  52  5:31  Twilight Council  
  52  5:34  Probe (Chrono Boost)  
  54  5:40  Pylon  
  54  5:42  Gateway  
  54  5:44  Sentry  
  54  5:45  Sentry, Gateway  
  54  5:48  Probe x2 (Chrono Boost)  
  61  5:57  Observer  
  61  5:58  Probe x2 (Chrono Boost)  
  63  6:09  Stalker x2  
  67  6:18  Templar Archives  
  67  6:23  Immortal  
  67  6:25  Probe x2 (Chrono Boost)  
  73  6:34  Pylon  
  73  6:36  Protoss Ground Weapons Level 2  
  73  6:52  Zealot x4  
  73  7:18  Immortal  
  73  7:19  Probe x2 (Chrono Boost)  
  79  7:23  High Templar x2  
  79  7:24  Gateway, High Templar  
  79  7:25  High Templar  
  79  7:26  Gateway  
  87  7:31  Gateway  
  87  7:33  Pylon  
  87  7:34  Archon  
  87  7:35  Pylon, Archon  
  87  7:50  Nexus  
  87  7:52  Pylon  
  87  7:55  Pylon  
  87  7:58  Immortal  
  91  8:09  High Templar x2  
  91  8:10  Zealot x2  
  99  8:14  Archon  
  99  8:19  Probe x2 (Chrono Boost)  
  101  8:20  Pylon  
  101  8:29  Probe (Chrono Boost)  
  103  8:34  Probe (Chrono Boost)  
  103  8:37  Immortal  
  103  8:39  Photon Cannon  
  103  8:40  Probe (Chrono Boost)  
  108  8:42  Resonating Glaives  
  108  8:45  Probe (Chrono Boost)  
  109  8:49  Adept x5  
  109  8:50  Adept x2  
  111  9:22  Zealot x4  
  111  9:23  Zealot x3  
  91  9:43  Zealot  
  91  9:44  Zealot x6  
  81  10:11  Mothership Core (Chrono Boost)  
  81  10:12  Stalker x2  
  81  10:13  Stalker x5  
  91  10:17  Immortal  
  91  10:19  Protoss Ground Weapons Level 3  
  96  10:21  Probe x2 (Chrono Boost)  
  97  10:30  Probe (Chrono Boost)  
  97  10:32  Probe x2 (Chrono Boost)  
  100  10:40  Probe (Chrono Boost)  
  101  10:43  High Templar x4  
  101  10:44  Zealot  
  101  10:45  Zealot x2  
  101  10:47  Archon  
  101  10:48  Archon  
  115  10:53  Assimilator  
  115  10:54  Probe x3 (Chrono Boost)  
  115  10:57  Assimilator  
  113  11:21  Zealot x3  
  113  11:22  Zealot x3  
  113  11:23  Zealot  
  125  11:29  Templar Archives  
  125  11:59  Stalker  
  125  12:00  Stalker x5  
  125  12:01  Stalker  
  139  12:08  Nexus, Blink  
  139  12:13  Photon Cannon  
  139  12:16  Photon Cannon  
  139  12:22  Pylon  
  139  12:27  Pylon  
  139  12:31  Probe (Chrono Boost)  
  139  12:32  Probe x2 (Chrono Boost)  
  142  12:42  Probe x2 (Chrono Boost)  
  144  12:44  High Templar x2  
  144  12:45  High Templar x2  
  144  12:49  Archon x2  
  152  12:56  Photon Cannon  
  152  12:58  Photon Cannon  
  152  12:59  Photon Cannon  
  152  13:00  Photon Cannon  
  152  13:03  Photon Cannon  
  150  13:43  Zealot x2  
  150  13:44  Zealot x5  
  148  14:04  Stalker  
  148  14:05  Stalker x6  
Tags
 
Add a new tag
Caveats
  • Supply blocks, unpowered buildings, or Contaminate may cause inaccurate times.
  • Supply counts are checked every 10 seconds.